AoeStats
← [CANTINAMX] | Vintar Khan

Arena

509727829Analyzed
4v4 RM · 6d ago on Sep 27, 2026· 88m 53s· 8 players
Game mode
Random Map
Map size
Large (8 player)
Population
200
Speed
Normal
Resources
Standard
Victory
Conquest
Starting age
Dark Age
Ending age
Imperial Age
RankedLock teamsTeams togetherTeam positionsShared explorationLock speedFull tech treeHidden civsTurbo modeCheats
Victory
Defeat
🇦🇷 Teutons · Argentina
1544
+11
🇦🇷 Poles · Argentina
1537
+11
🇦🇷 Khmer · Argentina
1517
+12
🇦🇷 Franks · Argentina
1434
+16
🇨🇳 Hindustanis · China
1442
-13
🇫🇷 Bengalis · France
1438
-13
🇮🇹 Cumans · Italy
1425
-12
1422
-12
Florenzi
11:04 Feudal Age
9:54 Loom
11:40 Feudal Age
12:52 Double-Bit Axe
12:59 Stone Mining
14:09 Wheelbarrow
13:39 Horse Collar
17:29 Fletching
19:23 Town Watch
26:19 Castle Age
26:37 Gold Mining
28:01 Sanctity
27:52 Fervor
29:13 Atonement
35:10 Hand Cart
35:08 Bow Saw
34:59 Heavy Plow
35:35 Gold Shaft Mining
35:53 Redemption
41:20 Imperial Age
39:40 Bodkin Arrow
39:45 Padded Archer Armor
41:02 Leather Archer Armor
41:01 Scale Mail Armor
42:30 Ballistics
42:20 Masonry
43:12 Chemistry
42:18 Siege Engineers
43:01 Bracer
43:33 Ring Archer Armor
43:11 Murder Holes
42:55 Elite Elephant Archer
44:59 Conscription
45:01 Mahayana
51:00 Block Printing
53:57 Chain Mail Armor
53:52 Forging
53:05 Pikeman
53:46 Squires
57:11 Halberdier
58:33 Iron Casting
58:39 Crop Rotation
59:11 Two-Man Saw
59:33 Coinage
59:03 Caravan
59:09 Caravan
64:46 Banking
64:26 Guilds
66:26 Two-Man Saw
65:52 Masonry
65:53 Fortified Wall
67:07 Arson
67:14 Gambesons
70:44 Elite Ratha (Ranged)
71:35 Paiks
75:33 Town Patrol
76:07 Architecture
76:40 Blast Furnace
83:14 Siege Elephant
83:23 Siege Elephant
86:53 Heavy Scorpion
ITA | GiaggiaZena
8:33 Feudal Age
9:09 Double-Bit Axe
9:14 Horse Collar
18:58 Castle Age
18:17 Scale Barding Armor
19:12 Bloodlines
19:21 Forging
19:13 Loom
22:13 Chain Barding Armor
24:09 Iron Casting
25:12 Wheelbarrow
26:26 Capped Ram
38:24 Imperial Age
35:52 Stone Mining
36:29 Bow Saw
38:19 Fletching
38:57 Bodkin Arrow
40:54 Ballistics
41:24 Masonry
42:30 Padded Archer Armor
45:35 Leather Archer Armor
45:17 Siege Ram
49:47 Ring Archer Armor
53:04 Conscription
53:17 Steppe Husbandry
56:34 Cuman Mercenaries
56:27 Elite Kipchak
57:44 Murder Holes
59:45 Hoardings
62:03 Chemistry
62:18 Light Cavalry
66:13 Plate Barding Armor
66:59 Hussar
74:22 Hand Cart
[CANTINAMX] | Vintar Khan
4:49 Loom
7:15 Loom
9:06 Feudal Age
15:13 Fletching
39:57 Wheelbarrow
41:23 Horse Collar
45:12 Castle Age
44:49 Town Watch
45:09 Town Watch
45:15 Double-Bit Axe
51:36 Imperial Age
51:49 Hand Cart
53:18 Chemistry
57:01 Padded Archer Armor
60:01 Bloodlines
59:14 Light Cavalry
59:57 Husbandry
60:19 Scale Barding Armor
60:24 Forging
62:04 Chain Barding Armor
67:33 Plate Barding Armor
87:47 Leather Archer Armor
帝国孙笑川
10:25 Feudal Age
14:29 Castle Age
12:41 Double-Bit Axe
12:39 Horse Collar
15:53 Bow Saw
16:09 Loom
21:43 Scale Barding Armor
22:13 Bloodlines
27:27 Husbandry
28:29 Wheelbarrow
28:39 Forging
29:37 Town Watch
30:07 Hand Cart
32:08 Chain Barding Armor
32:27 Gold Mining
36:17 Imperial Age
35:59 Iron Casting
37:02 Gold Shaft Mining
37:41 Plate Barding Armor
36:28 Heavy Camel Rider
38:23 Blast Furnace
38:28 Chemistry
38:59 Imperial Camel Rider
39:35 Fletching
39:45 Padded Archer Armor
41:26 Stone Mining
42:05 Conscription
42:22 Grand Trunk Road
42:18 Bodkin Arrow
42:38 Leather Archer Armor
42:05 Light Cavalry
43:36 Bracer
44:34 Ring Archer Armor
44:27 Ballistics
46:52 Coinage
48:53 Banking
49:05 Hussar
49:48 Scale Mail Armor
51:24 Elite Skirmisher
52:09 Thumb Ring
52:21 Chain Mail Armor
53:22 Onager
57:59 Siege Engineers
68:37 Masonry
69:28 Caravan
75:09 Shatagni
sales96
6:13 Loom
8:28 Feudal Age
10:10 Fletching
16:21 Town Watch
18:59 Double-Bit Axe
20:12 Horse Collar
26:47 Castle Age
25:46 Forging
27:08 Scale Mail Armor
27:24 Bodkin Arrow
26:54 Pikeman
28:38 Scale Mail Armor
30:05 Ballistics
32:38 Bow Saw
32:28 Heavy Plow
36:10 Wheelbarrow
49:21 Imperial Age
53:02 Two-Man Saw
52:02 Heavy Plow
52:22 Cavalier
53:10 Onager
54:15 Siege Engineers
54:16 Siphons
54:01 Halberdier
55:17 Iron Casting
54:27 Halberdier
57:42 Blast Furnace
57:11 Chain Mail Armor
59:31 Chemistry
59:04 Crop Rotation
58:25 Gold Mining
58:59 Hand Cart
59:41 Siege Onager
60:26 Squires
60:13 Arson
60:59 Plate Mail Armor
61:45 Ironclad
61:46 Conscription
61:35 Bodkin Arrow
68:33 Caravan
69:42 Town Patrol
70:46 Masonry
73:39 Town Patrol
Politox
10:24 Feudal Age
12:14 Loom
15:10 Castle Age
13:45 Double-Bit Axe
15:59 Scale Barding Armor
19:46 Bow Saw
20:34 Forging
21:39 Chain Barding Armor
23:04 Husbandry
25:35 Scale Mail Armor
24:57 Pikeman
26:34 Wheelbarrow
26:08 Squires
26:23 Gold Mining
26:25 Stone Mining
27:13 Chain Mail Armor
34:33 Imperial Age
32:03 Gambesons
32:04 Arson
33:01 Iron Casting
34:01 Hand Cart
34:18 Treadmill Crane
34:51 Fortified Wall
34:52 Masonry
34:36 Halberdier
35:48 Plate Mail Armor
36:19 Blast Furnace
35:28 Fletching
35:24 Light Cavalry
36:43 Conscription
35:47 Capped Ram
37:39 Siege Engineers
38:42 Bodkin Arrow
39:48 Chemistry
39:27 Plate Barding Armor
39:54 Chivalry
42:53 Cavalier
43:43 Paladin
52:43 Coinage
60:44 Padded Archer Armor
61:06 Ballistics
68:37 Caravan
71:09 Banking
Sevastokrator
10:57 Feudal Age
13:50 Castle Age
16:29 Forging
17:22 Scale Barding Armor
22:15 Chain Barding Armor
29:06 Loom
29:13 Double-Bit Axe
29:09 Horse Collar
29:52 Scale Mail Armor
31:25 Wheelbarrow
31:32 Pikeman
33:20 Chain Mail Armor
34:12 Bow Saw
33:53 Gold Mining
38:23 Imperial Age
37:10 Iron Casting
38:30 Halberdier
39:26 Capped Ram
41:33 Blast Furnace
42:50 Town Watch
43:57 Padded Archer Armor
44:44 Fletching
44:25 Elite Skirmisher
46:40 Stone Mining
46:53 Heavy Plow
49:48 Coinage
49:09 Siege Ram
50:38 Ballistics
50:50 Leather Archer Armor
50:55 Town Patrol
51:11 Hand Cart
53:08 Bodkin Arrow
52:46 Heavy Scorpion
53:31 Double Crossbow
53:42 Double Crossbow
54:47 Chemistry
54:25 Siege Engineers
55:42 Masonry
56:21 Bracer
60:48 Ring Archer Armor
60:51 Architecture
72:03 Banking
81:59 Crop Rotation
Jjota
6:50 Loom
9:12 Feudal Age
11:08 Fletching
11:16 Double-Bit Axe
23:54 Castle Age
44:22 Wheelbarrow
43:36 Town Watch
46:46 Hand Cart
52:10 Imperial Age
50:27 Scale Barding Armor
50:33 Forging
51:28 Bloodlines
51:18 Husbandry
51:39 Chain Barding Armor
51:30 Light Cavalry
52:47 Iron Casting
52:22 Winged Hussar
53:41 Lechitic Legacy
53:41 Conscription
55:41 Blast Furnace
57:09 Cavalier
61:33 Bodkin Arrow
61:42 Elite Skirmisher
62:27 Thumb Ring
62:38 Thumb Ring
63:09 Ballistics
63:50 Chemistry
62:51 Bracer
87:23 Padded Archer Armor
Connection lost

Rejoining the realm…

Still unreachable

The connection could not be restored.

Session expired

The server has moved on; the page needs a fresh start.